 Dungeon Crawl Stone Soup version 0.19.1 (webtiles) character file.

88 SardinaSW the Skirmisher (level 4, 0/42 HPs)
             Began as a Minotaur Fighter on Dec 10, 2016.
             Killed by nerve-wracking pain
             ... invoked by Grinder
              (3 damage)
             ... while paralysed by Grinder
             ... on level 3 of the Dungeon.
             The game lasted 00:04:38 (1718 turns).

SardinaSW the Skirmisher (Minotaur Fighter)         Turns: 1718, Time: 00:04:39

Health: 0/42       AC:  7    Str: 21    XL:     4   Next: 29%
Magic:  3/3        EV:  2    Int:  5    God:
Gold:   160        SH:  0    Dex: 10    Spells: 0 memorised, 3 levels left

rFire  . . .     SeeInvis .     a - +0 war axe
rCold  . . .     Gourm    .     b - +0 scale mail
rNeg   . . .     Faith    .     c - +0 shield
rPois  .         Spirit   .     (helmet restricted)
rElec  .         Reflect  .     (no cloak)
rCorr  .         Harm     .     (no gloves)
MR     .....                    (no boots)
Stlth  ..........               (no amulet)
                                (no ring)
                                (no ring)

@: paralysed
A: retaliatory headbutt, horns 2
a: no special abilities


You were on level 3 of the Dungeon.
You were full.

You visited 1 branch of the dungeon, and saw 3 of its levels.

You collected 160 gold pieces.

Inventory:

Hand Weapons
 a - a +0 war axe (weapon)
Armour
 b - a +0 scale mail (worn)
 c - a +0 shield (worn)
Scrolls
 g - 3 scrolls of identify {unknown}
 i - a scroll of amnesia {unknown}
 j - a scroll of immolation {unknown}
 l - 4 scrolls of teleportation {unknown}
 m - a scroll of enchant weapon {unknown}
 n - 2 scrolls of magic mapping {unknown}
 o - a scroll of blinking {unknown}
 p - a scroll of remove curse {unknown}
Potions
 d - a potion of might
 e - a potion of heal wounds {unknown}
Comestibles
 f - 2 bread rations
 h - a beef jerky
 k - 4 meat rations


   Skills:
 + Level 5.2 Fighting
 + Level 3.4 Axes
 - Level 3.9 Armour
 - Level 3.9 Shields


You had 3 spell levels left.
You didn't know any spells.

Dungeon Overview and Level Annotations

Branches:
Dungeon (3/15)

Altars:

Annotations:
D:3 Grinder


Innate Abilities, Weirdness & Mutations

You reflexively headbutt those who attack you in melee.
You have a pair of horns on your head.


Message History

You are too injured to fight recklessly!
You are too injured to fight recklessly!
You are too injured to fight recklessly!
You are too injured to fight recklessly!
You are too injured to fight recklessly!
You are too injured to fight recklessly!
Unknown command.
You barely miss Grinder. Your headbutt misses Grinder.
Grinder is heavily wounded.
Grinder gestures at you.
You suddenly lose the ability to move!
Grinder hits you.
* * * LOW HITPOINT WARNING * * *
You writhe in agony.
* * * LOW HITPOINT WARNING * * *
Grinder gestures at you. You resist with significant effort.
Grinder gestures at you. Pain shoots through your body!
You die...

.##.#.#
#......#...##.#
....#.#
###.##.....##.#
..#.#.#
#.##.#..###.#
..#.#.#
#.##.#..###.#
......#
#....(......#
..#####
...###.########
..# . #.# .##
....###.### .#
......$)@.# .#
.........5..#
.#
####..#?#.#.#
#..#...# #
#..##..# #. ...
#. ..# .##


You could see Grinder.

Vanquished Creatures
  A gnoll (D:1)
  2 adders (D:2)
  An ooze (D:2)
  4 dart slugs
  2 leopard geckos (D:1)
  5 bats
  2 giant cockroaches
  7 goblins
  9 hobgoblins
  4 kobolds
  A frilled lizard (D:2)
  7 rats
45 creatures vanquished.

Notes
Turn   | Place    | Note
-------+----------+-------------------------------------------
     0 | D:1      | SardinaSW the Minotaur Fighter began the quest for the Orb.
     0 | D:1      | Reached XP level 1. HP: 19/19 MP: 0/0
   297 | D:1      | Reached skill level 4 in Fighting
   297 | D:1      | Reached XP level 2. HP: 27/27 MP: 1/1
   498 | D:1      | Reached XP level 3. HP: 33/34 MP: 2/2
  1076 | D:2      | Reached skill level 5 in Fighting
  1166 | D:2      | Reached XP level 4. HP: 42/42 MP: 3/3
  1708 | D:3      | Noticed Grinder
  1715 | D:3      | Paralysed by Grinder for 6 turns
  1716 | D:3      | HP: 2/42 [Grinder (4)]
  1718 | D:3      | Killed from afar by Grinder

Skill      XL: |  1  2  3 |
---------------+----------+-----
Fighting       | 4 5 |  5.2
Axes           | 3 |  3.4
Armour         | |  3.9
Shields        | |  3.9

Action                   |  1- 3 |  4- 6 || total
-------------------------+-------+-------++-------
Melee: War axe           |    57 |    32 ||    89
       Headbutt          |    12 |     7 ||    19
  Eat: Chunk             |     1 |     1 ||     2
       Meat ration       |       |     1 ||     1
Armor: Scale mail        |    24 |     9 ||    33
Dodge: Dodged            |    23 |     8 ||    31
Block: Shield            |    43 |    17 ||    60
